 Dungeon Crawl Stone Soup version 0.21-a0-584-g185da8e (webtiles) character file.

2736 wirefist the Skirmisher (level 9, -1/74 HPs)
             Began as a Demonspawn Gladiator on Dec 21, 2017.
             Was a Believer of Qazlal.
             Slain by a hornet (11 damage)
             ... on level 8 of the Dungeon.
             The game lasted 00:23:19 (8193 turns).

wirefist the Skirmisher (Demonspawn Gladiator)      Turns: 8193, Time: 00:23:20

Health: -1/74      AC:  7    Str: 19    XL:     9   Next: 40%
Magic:  9/9        EV: 17    Int:  9    God:    Qazlal [**....]
Gold:   74         SH:  2    Dex: 21    Spells: 8/8 levels left

rFire    . . .     SeeInvis .   p - +1 battleaxe
rCold    . . .     Gourm    .   (shield currently unavailable)
rNeg     . . .     Faith    +   b - +1 leather armour
rPois    .         Spirit   .   m - +2 helmet
rElec    .         Reflect  .   (no cloak)
rCorr    .         Harm     .   (no gloves)
MR       .....                  (no boots)
Stlth    ++++......             y - amulet of Plog {Faith Str+4}
HPRegen  0.22/turn              c - ring of Cyuz {Dex+3 Stlth+}
MPRegen  0.11/turn              t - ring of flight

@: slowed, very slow
A: talons 2, nightstalker 2
a: Upheaval, Renounce Religion, Evoke Flight


You were on level 8 of the Dungeon.
You worshipped Qazlal.
Qazlal was pleased with you.
You were not hungry.

You visited 1 branch of the dungeon, and saw 8 of its levels.

You collected 382 gold pieces.
You spent 308 gold pieces at shops.

Inventory:

Hand Weapons
 a - a +0 war axe
 p - a +1 battleaxe (weapon)
 q - a +0 war axe
Missiles
 d - 3 throwing nets (quivered)
Armour
 b - a +1 leather armour (worn)
 m - a +2 helmet (worn)
Jewellery
 c - the ring of Cyuz (left hand) {Dex+3 Stlth+}
   (You bought it in a shop on level 4 of the Dungeon)

   [ring of stealth]

   It affects your dexterity (+3).
   It makes you more stealthy.
 r - an uncursed ring of magical power
 s - an uncursed amulet of guardian spirit
 t - a ring of flight (right hand)
 y - the amulet of Plog (around neck) {Faith Str+4}
   (You found it on level 7 of the Dungeon)

   [amulet of faith]

   It allows you to gain divine favour quickly.
   It affects your strength (+4).
 z - a cursed ring of teleportation
Wands
 j - a wand of iceblast (17)
 o - a wand of enslavement (24)
 u - a wand of acid (6)
 x - a wand of random effects (38)
Scrolls
 e - 2 scrolls of teleportation
 g - 3 scrolls of magic mapping
 i - 2 scrolls of identify
 n - a scroll of remove curse
 v - a scroll of fear {unknown}
Potions
 h - 3 potions of curing
 k - 2 potions of brilliance
 l - 2 potions of might {unknown}
 w - a potion of agility {unknown}
Comestibles
 f - 11 rations


   Skills:
 + Level 7.9 Fighting
 + Level 7.6 Axes
 - Level 1.7 Throwing
 - Level 7.0 Dodging


You had 8 spell levels left.
You didn't know any spells.

Dungeon Overview and Level Annotations

Branches:
Dungeon (8/15)             Temple (0/1) D:4
   Lair: D:8-11

Altars:
Hepliaklqana
Qazlal
Sif Muna
Yredelemnul
Zin
The Shining One

Shops:
D:4 =   D:6 *


Innate Abilities, Weirdness & Mutations

You have razor-sharp toenails.
You are significantly more attuned to the shadows.


Message History

You feel as though you will be slow longer.
The hornet stings you!
* * * LOW HITPOINT WARNING * * *
You are more poisoned.
You feel as though you will be slow longer.
The hornet closely misses you. The hornet stings you!
* * * LOW HITPOINT WARNING * * *
You are more poisoned.
You feel as though you will be slow longer.
* * * LOW HITPOINT WARNING * * *
You feel very sick. The hornet barely misses you.
Things that are here:
a dagger; a robe
* * * LOW HITPOINT WARNING * * *
You feel very sick.
The hornet stings you but does no damage.
You feel better. The hornet misses you. The hornet barely misses you.
The hornet stings you!
You die...

# ### #. ...
###.##. .##
......###.#####
.......#)[.....
#.#.##.§)....#
.....@y####.#
#.#.###§# # #
.... .#.#.#
#.#.#.# # #.# #


You could see a hornet.

Vanquished Creatures
  Prince Ribbit (D:5)
  Sigmund (D:6)
  Menkaure (D:6)
  2 water moccasins (D:5)
  A hornet zombie (D:7)
  2 sky beasts
  An orc warrior (D:5)
  2 ogres
  A centaur (D:6)
  A big kobold (D:3)
  3 bullfrogs
  2 scorpions (D:5)
  A water moccasin skeleton (D:5)
  A howler monkey (D:4)
  3 crimson imps
  A jelly (D:7)
  3 orc priests
  A hound (D:5)
  A centaur zombie (D:7)
  A bullfrog skeleton (D:7)
  A centaur skeleton (D:6)
  Terence (D:2)
  8 orc wizards
  2 worker ants
  3 hound skeletons
  Robin (D:3)
  10 adders
  3 gnolls (D:6)
  2 shadow imps
  2 oozes
  3 adder skeletons
  An adder zombie (D:6)
  4 dart slugs
  4 worms
  4 leopard geckos
  28 orcs
  10 bats
  5 giant cockroaches
  20 goblins
  10 hobgoblins
  2 jackals (D:6)
  A quokka (D:5)
  3 ball pythons
  5 frilled lizards
  6 kobolds
  A leopard gecko skeleton (D:3)
  A quokka skeleton (D:6)
  15 rats
186 creatures vanquished.

Notes
Turn   | Place    | Note
-------+----------+-------------------------------------------
     0 | D:1      | wirefist the Demonspawn Gladiator began the quest for the Orb.
     0 | D:1      | Reached XP level 1. HP: 16/16 MP: 1/1
   157 | D:1      | Gained mutation: You have sharp toenails. [demonic ancestry]
   157 | D:1      | Reached XP level 2. HP: 7/22 MP: 2/2
   874 | D:1      | You fall through a shaft!
  1025 | D:2      | Noticed Terence
  1049 | D:2      | Killed Terence
  1049 | D:2      | Gained mutation: You are slightly more attuned to the shadows. [demonic ancestry]
  1049 | D:2      | Reached XP level 3. HP: 10/28 MP: 3/3
  1515 | D:2      | Found a basalt altar of Yredelemnul.
  1699 | D:2      | Reached XP level 4. HP: 33/34 MP: 4/4
  2752 | D:3      | Found a deep blue altar of Sif Muna.
  2771 | D:3      | Noticed Robin
  2782 | D:3      | Reached XP level 5. HP: 39/41 MP: 5/5
  2803 | D:3      | Killed Robin
  3063 | D:3      | Found a stormy altar of Qazlal.
  3072 | D:3      | Became a worshipper of Qazlal Stormbringer
  3450 | D:4      | Reached XP level 6. HP: 48/48 MP: 2/6
  3505 | D:4      | Found Elisouju's Jewellery Shoppe.
  3566 | D:4      | Found a hazy altar of Hepliaklqana.
  3610 | D:4      | Found a staircase to the Ecumenical Temple.
  4147 | D:5      | Entered Level 5 of the Dungeon
  4189 | D:5      | Reached XP level 7. HP: 37/55 MP: 7/7
  4476 | D:5      | Reached skill level 5 in Fighting
  4476 | D:5      | Reached skill level 5 in Axes
  4476 | D:5      | Reached skill level 5 in Dodging
  5016 | D:5      | Gained mutation: You have razor-sharp toenails. [demonic ancestry]
  5016 | D:5      | Reached XP level 8. HP: 45/64 MP: 8/8
  5338 | D:5      | Noticed Prince Ribbit
  5363 | D:5      | HP: 3/96 [Prince Ribbit (6)]
  5367 | D:5      | Killed Prince Ribbit
  5673 | D:6      | Noticed Menkaure
  5680 | D:6      | Killed Menkaure
  5685 | D:6      | Found a glowing golden altar of the Shining One.
  5685 | D:6      | Found a glowing silver altar of Zin.
  5742 | D:5      | HP: 3/65 [orc warrior/battleaxe (8)]
  6206 | D:6      | Found Axoitel's Elemental Accessories.
  6233 | D:6      | Reached * piety under Qazlal
  6396 | D:6      | Noticed Sigmund
  6409 | D:6      | Killed Sigmund
  6414 | D:6      | Gained mutation: You are significantly more attuned to the shadows. [demonic ancestry]
  6414 | D:6      | Reached XP level 9. HP: 49/72 MP: 9/9
  6981 | D:7      | Got a transparent zirconium amulet
  7361 | D:4      | Identified the amulet of Plog {Faith Str+4} (You found it on level 7 of the Dungeon)
  7364 | D:4      | Bought the ring of Cyuz {Dex+3 Stlth+} for 308 gold pieces
  7808 | D:8      | Reached ** piety under Qazlal
  7823 | D:8      | Noticed a two-headed ogre
  8186 | D:8      | Paralysed by a hornet for 3 turns
  8193 | D:8      | Slain by a hornet

Vault maps used:
D:1:      lemuel_arrival_cross
D:2:      lemuel_coloured_pillars_altar, first_ration, uniq_terence
D:3:      kennysheep_the_goblin_king, lemuel_crystal_altar, old_standard_altar,
          uniq_robin
D:4:      nicolae_overflow_crystal_walls, temple_statues, serial_shops,
          nicolae_shop_trees
D:5:      uniq_prince_ribbit1
D:6:      gammafunk_temple_overflow_statue, nicolae_elemental_shop,
          uniq_menkaure, uniq_sigmund
D:8:      minitemple, minivault_25

Skill      XL: |  1  2  3  4  5  6  7  8  9 |
---------------+----------------------------+-----
Dodging        | 3 4 5 6 7 |  7.0
Axes           | 3 4 5 6 7 |  7.6
Fighting       | 3 4 5 7 |  7.9
Throwing       | |  1.7

Action                   |  1- 3 |  4- 6 |  7- 9 || total
-------------------------+-------+-------+-------++-------
Melee: War axe           |    81 |   207 |   121 ||   409
       Kick              |    12 |    56 |    89 ||   157
       Battleaxe         |       |       |   145 ||   145
Evoke: Wand              |       |       |     2 ||     2
  Use: Potion            |     1 |     7 |     5 ||    13
       Scroll            |       |    12 |     6 ||    18
 Stab: Sleeping          |     4 |     6 |     3 ||    13
       Distracted        |     1 |       |       ||     1
  Eat: Chunk             |     1 |    10 |     9 ||    20
       Ration            |       |       |     1 ||     1
Armor: Leather armour    |    25 |    50 |    61 ||   136
       Skin              |       |       |    18 ||    18
Dodge: Dodged            |    66 |   145 |   196 ||   407
Block: Other             |       |       |     8 ||     8

Table legend:
 A = Spawn XP
 B = Non-spawn XP
 C = Spawn XP percentage of total XP
 D = Spawn monster count
 E = Non-spawn monster count
 F = Spawn count percentage of total count
 G = Total turns spent on level
                    A         B        C        D         E        F      G
               +---------+---------+-------+---------+---------+-------+---------
         Total |       0 |    3909 |   0.0 |       0 |     186 |   0.0 |  8193
               +---------+---------+-------+---------+---------+-------+---------
           D:1 |       0 |      25 |   0.0 |       0 |      17 |   0.0 |  1079
           D:2 |       0 |     100 |   0.0 |       0 |      25 |   0.0 |  1099
           D:3 |       0 |     251 |   0.0 |       0 |      51 |   0.0 |  1241
           D:4 |       0 |     186 |   0.0 |       0 |      14 |   0.0 |   783
           D:5 |       0 |    1445 |   0.0 |       0 |      28 |   0.0 |  1810
           D:6 |       0 |    1130 |   0.0 |       0 |      26 |   0.0 |   919
           D:7 |       0 |     508 |   0.0 |       0 |      16 |   0.0 |  1101
           D:8 |       0 |     264 |   0.0 |       0 |       9 |   0.0 |   161
               +---------+---------+-------+---------+---------+-------+---------
